 Dungeon Crawl Stone Soup version 0.25-a0-41-g6cf4ce537d (webtiles) character file.

Game seed: 10815157804435254075, levelgen mode: deterministic

411 Gumption the Ruffian (level 6, 0/54 (55) HPs)
             Began as a Ghoul Monk on Oct 21, 2019.
             Was a Priest of Ashenzari.
             Slain by Pikel
             ... wielding a +0 whip of electrocution
              (20 damage)
             ... on level 4 of the Dungeon.
             The game lasted 00:24:11 (3696 turns).

Gumption the Ruffian (Ghoul Monk)                   Turns: 3696, Time: 00:24:11

HP:   0/54 (55)     AC:  8    Str: 21    XL:     6   Next: 90%
MP:   5/5           EV: 12    Int:  5    God:    Ashenzari [***...]
Gold: 238           SH:  0    Dex: 11    Spells: 5/5 levels left

rFire    . . .     SeeInvis +     - Unarmed
rCold    + . .     Gourm    .   (no shield)
rNeg     + + +     Faith    .   r - +0 ring mail
rPois    ∞         Spirit   .   (no helmet)
rElec    .         Reflect  .   (no cloak)
rCorr    .         Harm     .   (no gloves)
MR       +....                  l - +2 pair of boots
Stlth    +.........             (no amulet)
HPRegen  0.00/turn              n - +4 ring of strength (curse)
MPRegen  0.09/turn              p - ring of protection from magic

@: rotting
A: rotting body, claws 1, carnivore, cold resistance 1, negative energy
resistance 3, inhibited regeneration, torment resistance, unbreathing
a: Curse Item, Scrying, Renounce Religion


You were on level 4 of the Dungeon.
You worshipped Ashenzari.
Ashenzari was most pleased with you.
You were near starving.

You visited 1 branch of the dungeon, and saw 4 of its levels.

You collected 238 gold pieces.

Inventory:

Hand Weapons
 b - a +0 hunting sling
Missiles
 d - 191 stones
 u - 6 boomerangs (quivered)
Armour
 l - a +2 pair of boots (worn)
 q - a +0 plate armour
 r - a +0 ring mail (worn)
 v - a +0 leather armour of fire resistance
Jewellery
 n - a cursed +4 ring of strength (left claw)
 p - a ring of protection from magic (right claw)
Wands
 o - a wand of enslavement (5)
 y - a wand of iceblast (6)
Scrolls
 a - a scroll of teleportation
 c - 3 scrolls of enchant armour {unknown}
 f - a scroll of magic mapping {unknown}
 g - a scroll of fear {unknown}
 h - a scroll of blinking {unknown}
 j - a scroll of noise {unknown}
 m - 3 scrolls of remove curse
 t - a scroll of immolation {unknown}
Potions
 k - 2 potions of curing
 s - 3 potions of magic
 w - a potion of flight
 x - a potion of might {unknown}
 z - a potion of resistance {unknown}
Comestibles
 e - 7 rations


   Skills:
 + Level 4.8 Fighting
 + Level 2.4 Armour
 - Level 3.0 Dodging
 - Level 3.0 Stealth
 * Level 6.1 Unarmed Combat


You had 5 spell levels left.
You didn't know any spells.
Your spell library was empty.

Dungeon Overview and Level Annotations

Branches:
Dungeon (4/15)
 Temple: D:4-7

Altars:
Ashenzari
Cheibriados
Fedhas
Uskayaw

Annotations:
D:4 exclusion: sky beast, Pikel


Innate Abilities, Weirdness & Mutations

Your body is rotting away.
You thrive on raw meat.
You are immune to poison.
You have sharp fingernails.
You are carnivorous and can eat meat at any time.
Your flesh is cold resistant. (rC+)
You are immune to negative energy. (rN+++)
You do not regenerate when monsters are visible.
You are immune to unholy pain and torment.
You can survive without breathing.


Message History

Pikel is heavily wounded.
Pikel hits you but does no damage.
You barely miss Pikel.
Pikel is heavily wounded.
Pikel hits you but does no damage.
You closely miss Pikel.
Pikel is heavily wounded.
You claw Pikel!
Pikel is heavily wounded.
Pikel hits you but does no damage.
You scratch Pikel but do no damage.
Pikel is heavily wounded.
Pikel barely misses you.
You miss Pikel.
Pikel is heavily wounded.
Pikel hits you with a +0 whip of electrocution.
You barely miss Pikel.
Pikel is heavily wounded.
Pikel hits you but does no damage.
You are electrocuted!!
You die...

#.#....#######.#.####.###.###
##.#..........................
#.........#####.##########.###
#.........# #..# #.#
#.........# #.## #.###
##.#....### ##.# #....
#.........# #..# #####
#..#...##.# #.## #..##.###.#
#@# *##..##.###.# #K# ####
#....>...<..# #p# #...
#.#..##.##..# #p# #.##
#.#...#.##..# #p# #.#
#{#.#.#.#...# #.# #.#
,#......#..# #.# #.#
#{###.#..## #.# #.#


Kp# #<...# #.#############.## You could see Pikel and 3 slaves.

Vanquished Creatures
  A sky beast (D:4)
  A slave (D:4)
  A howler monkey (D:4)
  2 hounds (D:4)
  A worker ant (D:4)
  Terence (D:2)
  A hound skeleton (D:4)
  9 adders
  2 oozes
  A worm (D:2)
  A dart slug (D:1)
  4 leopard geckos
  7 orcs
  4 giant cockroaches (D:3)
  4 goblins
  5 hobgoblins
  4 jackals (D:3)
  4 quokkas
  A ball python skeleton (D:4)
  3 bats
  5 kobolds
  4 rats
66 creatures vanquished.

Notes
Turn   | Place    | Note
-------+----------+-------------------------------------------
     0 | D:1      | Gumption the Ghoul Monk began the quest for the Orb.
     0 | D:1      | Reached XP level 1. HP: 19/19 MP: 0/0
   405 | D:1      | Reached XP level 2. HP: 24/26 MP: 1/1
  1054 | D:2      | Reached XP level 3. HP: 31/31 MP: 2/2
  1070 | D:2      | Found a faded altar of an unknown god.
  1098 | D:2      | Became a worshipper of Ashenzari the Shackled
  1098 | D:2      | Reached * piety under Ashenzari
  1098 | D:2      | Reached ** piety under Ashenzari
  1146 | D:2      | Found a blossoming altar of Fedhas.
  1148 | D:2      | Found a snail-covered altar of Cheibriados.
  1183 | D:2      | Reached skill level 4 in Unarmed Combat
  1288 | D:2      | Reached XP level 4. HP: 33/40 MP: 3/3
  1404 | D:2      | Noticed Terence
  1408 | D:2      | Killed Terence
  1478 | D:2      | Reached skill level 1 in Armour
  1582 | D:2      | Reached XP level 5. HP: 46/46 MP: 4/4
  2004 | D:3      | Reached *** piety under Ashenzari
  2622 | D:4      | Reached skill level 5 in Unarmed Combat
  2643 | D:4      | Noticed a sky beast
  2672 | D:4      | Noticed Pikel
  2672 | D:4      | Noticed a slave
  2935 | D:4      | Reached XP level 6. HP: 41/53 MP: 5/5
  3157 | D:4      | Found a hide-covered altar of Uskayaw.
  3217 | D:4      | Killed a sky beast
  3217 | D:4      | Reached skill level 6 in Unarmed Combat
  3631 | D:4      | Noticed a slave
  3642 | D:4      | Noticed a slave
  3645 | D:4      | Noticed a slave
  3648 | D:4      | Killed a slave
  3696 | D:4      | Slain by Pikel

Levels and vault maps discovered:
D:1:      psy_arrival_conway, layout_basic
D:2:      layout_basic, nicolae_overflow_hidden_temple,
          chequers_ecumenical_altar_simple_redux, uniq_terence
D:3:      layout_loops_corners, chequers_serial_rivers_small_3
D:4:      layout_loops_ring, kennysheep_little_box, first_ration,
          grunt_decor_fettered, uniq_pikel

Skill      XL: |  1  2  3  4  5  6 |
---------------+-------------------+-----
Dodging        | 3 |  3.0
Unarmed Combat | 4 5 6 |  6.1
Stealth        | 3 |  3.0
Armour         | 1 2 |  2.4
Fighting       | 4 |  4.8

Action                   |  1- 3 |  4- 6 || total
-------------------------+-------+-------++-------
Melee: Unarmed           |    72 |   158 ||   230
       Punch             |     1 |       ||     1
 Fire: Hunting sling     |       |    37 ||    37
Throw: Stone             |    51 |    10 ||    61
       Boomerang         |       |     1 ||     1
  Use: Scroll            |       |     4 ||     4
 Stab: Sleeping          |     2 |       ||     2
  Eat: Chunk             |     4 |     3 ||     7
Armor: Ring mail         |    36 |    39 ||    75
Dodge: Dodged            |    42 |    87 ||   129

Table legend:
 A = Non-vault XP
 B = Vault XP
 C = Vault XP percentage of total XP
 D = Non-vault monster count
 E = Vault monster count
 F = Vault count percentage of total count
                 A         B        C        D         E       F
            +---------+---------+-------+---------+---------+-------
      Total |     556 |      32 |   5.4 |      64 |       1 |   1.5
            +---------+---------+-------+---------+---------+-------
        D:1 |      17 |       0 |   0.0 |       9 |       0 |   0.0
        D:2 |     117 |      32 |  21.5 |      22 |       1 |   4.3
        D:3 |      61 |       0 |   0.0 |      20 |       0 |   0.0
        D:4 |     361 |       0 |   0.0 |      13 |       0 |   0.0
            +---------+---------+-------+---------+---------+-------
